[Event "9th RTU Open 2019"]
[Site "Riga"]
[Date "2019.08.06"]
[Round "3.26"]
[White "Stauskas, Lukas"]
[Black "Handke, Florian"]
[Result "1-0"]
[ECO "D80"]
[WhiteElo "2306"]
[BlackElo "2544"]
[Annotator "ChessBase"]
[PlyCount "105"]
[EventDate "2019.08.05"]
[EventType "swiss"]
[EventCountry "LAT"]
[SourceTitle "playchess.com"]
[Source "ChessBase"]
[SourceQuality "1"]
[TimeControl "5400+30"]

1. d4 Nf6 2. c4 g6 3. Nc3 d5 4. Bg5 Ne4 5. Bh4 Nxc3 6. bxc3 dxc4 7. e3 Be6 8. Qb1 c5 9. Qxb7 Bd5 10. Qb5+ Qd7 11. Rb1 Qxb5 12. Rxb5 Nd7 13. Nf3 e6 14. Be2 cxd4 15. exd4 Be7 16. Bxe7 Kxe7 17. O-O Rhb8 18. Rfb1 Rb6 19. Nd2 Rab8 20. Rxb6 Rxb6 21. Rxb6 Nxb6 22. f3 f5 23. g3 g5 24. Kf2 f4 25. gxf4 gxf4 26. Kg2 Kf6 27. Kh3 Na4 28. Bxc4 Nxc3 29. a3 Bxc4 30. Nxc4 Kg5 31. Nd6 Kh5 32. Ne8 Kg6 33. Kg4 Ne2 34. Nd6 h5+ 35. Kh3 Nxd4 36. Kg2 a5 37. Nc4 Nb3 38. Kh3 a4 39. Nb2 Nc5 40. Nd1 Kg5 41. Nc3 e5 42. Kg2 Kh4 43. Ne2 Kg5 44. Nc3 Kf6 45. Kh3 Kf5 46. Kg2 h4 47. Kh3 e4 48. fxe4+ Nxe4 49. Nxa4 f3 50. Nb2 Nc5 51. Kxh4 Kf4 52. Nd1 Ne4 53. a4 1-0

[Event "9th RTU Open 2019"]
[Site "Riga"]
[Date "2019.08.06"]
[Round "3.27"]
[White "Thybo, Jesper Sondergaard"]
[Black "Rudolf, Michal"]
[Result "1-0"]
[ECO "A32"]
[WhiteElo "2528"]
[BlackElo "2351"]
[Annotator "ChessBase"]
[PlyCount "113"]
[EventDate "2019.08.05"]
[EventType "swiss"]
[EventCountry "LAT"]
[SourceTitle "playchess.com"]
[Source "ChessBase"]
[SourceQuality "1"]
[TimeControl "5400+30"]

1. d4 e6 2. Nf3 c5 3. c4 cxd4 4. Nxd4 Nf6 5. Nc3 d5 6. Bf4 a6 7. g3 Nbd7 8. Qa4 dxc4 9. Bg2 Be7 10. Nf3 O-O 11. Qxc4 Nb6 12. Qb3 Nbd5 13. Rd1 Qa5 14. O-O Qb4 15. Qxb4 Bxb4 16. Be5 Nxc3 17. bxc3 Bc5 18. c4 b6 19. Bd6 Re8 20. Ne5 Ra7 21. Bc6 Bxd6 22. Rxd6 Rf8 23. a4 Rc7 24. Rb1 Ne8 25. Bxe8 Rxe8 26. Rbxb6 Rc5 27. Nc6 Rxc4 28. Ne7+ Kf8 29. Nxc8 Rexc8 30. Rxa6 Rc1+ 31. Kg2 R1c2 32. Ra7 R8c7 33. Rxc7 Rxc7 34. Rd2 Ra7 35. Ra2 Ra5 36. f4 Ke7 37. Kf3 Kd6 38. g4 f5 39. e4 fxg4+ 40. Kxg4 Kc5 41. e5 Kc4 42. h4 Kb3 43. Ra1 Kb2 44. Rd1 Rxa4 45. Rd7 Ra1 46. Re7 Rg1+ 47. Kf3 Rf1+ 48. Ke3 Re1+ 49. Kf2 Rh1 50. Rxe6 Rxh4 51. Kg3 Rh1 52. Re8 Rc1 53. Rb8+ Ka3 54. e6 Rc7 55. f5 Ka4 56. Kf4 Ka5 57. Ke5 1-0

[Event "9th RTU Open 2019"]
[Site "Riga"]
[Date "2019.08.06"]
[Round "3.28"]
[White "Borisovsky, Dmitry"]
[Black "Stany, G.A."]
[Result "1/2-1/2"]
[ECO "B09"]
[WhiteElo "2326"]
[BlackElo "2525"]
[Annotator "ChessBase"]
[PlyCount "108"]
[EventDate "2019.08.05"]
[EventType "swiss"]
[EventCountry "LAT"]
[SourceTitle "playchess.com"]
[Source "ChessBase"]
[SourceQuality "1"]
[TimeControl "5400+30"]

1. e4 g6 2. d4 Bg7 3. Nc3 d6 4. f4 Nf6 5. Nf3 O-O 6. Be2 c5 7. dxc5 Qa5 8. Nd2 Qxc5 9. g4 Nc6 10. Nb3 Qb6 11. g5 Nd7 12. Nd5 Qd8 13. O-O Nc5 14. Nxc5 dxc5 15. c3 b6 16. Qe1 f6 17. gxf6 exf6 18. Bc4 Kh8 19. Ne3 Ne7 20. Qh4 Bb7 21. f5 gxf5 22. exf5 Qd6 23. Be6 Rad8 24. Qh3 Nc6 25. Nc4 Qe7 26. Bf4 Ne5 27. Nxe5 fxe5 28. Bg3 c4 29. f6 Bxf6 30. Bf5 Rf7 31. Rae1 Qc5+ 32. Rf2 Rd2 33. Kf1 Rxf2+ 34. Bxf2 Qf8 35. Be6 Rg7 36. Ke2 b5 37. Rg1 Rxg1 38. Bxg1 a6 39. Bf5 Qe7 40. Bc5 Qf7 41. Be3 Bd5 42. Qg4 Bb7 43. Be6 Qg7 44. Bh6 Qg6 45. Qxg6 hxg6 46. a4 Bc6 47. Bc8 a5 48. axb5 Bxb5 49. Be6 Be7 50. Kf3 Kh7 51. Bc1 Kg7 52. Ke4 Kf6 53. Bd5 Bc5 54. h4 Bd6 1/2-1/2

[Event "9th RTU Open 2019"]
[Site "Riga"]
[Date "2019.08.06"]
[Round "3.29"]
[White "Sulskis, Sarunas"]
[Black "Li, Hong"]
[Result "1-0"]
[ECO "E81"]
[WhiteElo "2528"]
[BlackElo "2328"]
[Annotator "ChessBase"]
[PlyCount "131"]
[EventDate "2019.08.05"]
[EventType "swiss"]
[EventCountry "LAT"]
[SourceTitle "playchess.com"]
[Source "ChessBase"]
[SourceQuality "1"]
[TimeControl "5400+30"]

1. c4 Nf6 2. Nc3 g6 3. d4 Bg7 4. e4 d6 5. f3 O-O 6. Be3 c6 7. Nge2 a6 8. c5 b5 9. cxb6 Nbd7 10. Na4 Nxb6 11. Nec3 Nxa4 12. Nxa4 Qa5+ 13. Bd2 Qc7 14. Be2 Nd7 15. Bc3 Qa7 16. Qd2 Nb6 17. Nxb6 Qxb6 18. O-O a5 19. Kh1 Be6 20. f4 f5 21. d5 Bxc3 22. bxc3 cxd5 23. exd5 Bf7 24. Rab1 Qa7 25. Bb5 Qc5 26. c4 e6 27. dxe6 Bxe6 28. Rbc1 Ra7 29. a4 Bf7 30. Rfd1 Rd8 31. Qd4 Raa8 32. Qf6 d5 33. Bc6 Rd6 34. cxd5 Qxc1 35. Rxc1 Rxf6 36. Bxa8 Rb6 37. Bc6 Rb4 38. Rd1 Rb8 39. d6 Rd8 40. Kg1 Be6 41. Kf2 Kf7 42. Ke3 Kf6 43. Bb5 h6 44. h4 Bd7 45. Bxd7 Rxd7 46. Rd5 Ke6 47. Rxa5 Rxd6 48. Re5+ Kf6 49. a5 g5 50. g3 Rd1 51. h5 Rg1 52. Kf2 Ra1 53. Rb5 Ra2+ 54. Ke3 Ra3+ 55. Kd4 Rxg3 56. Rb6+ Kf7 57. a6 Ra3 58. fxg5 hxg5 59. h6 Kg8 60. Ke5 Kh7 61. Kxf5 Ra5+ 62. Kg4 Ra4+ 63. Kh5 Ra3 64. Kxg5 Kh8 65. Kf5 Kh7 66. Kg5 1-0

[Event "9th RTU Open 2019"]
[Site "Riga"]
[Date "2019.08.06"]
[Round "3.30"]
[White "Valner, Uku"]
[Black "Salomon, Johan"]
[Result "0-1"]
[ECO "B26"]
[WhiteElo "2317"]
[BlackElo "2514"]
[Annotator "ChessBase"]
[PlyCount "82"]
[EventDate "2019.08.05"]
[EventType "swiss"]
[EventCountry "LAT"]
[SourceTitle "playchess.com"]
[Source "ChessBase"]
[SourceQuality "1"]
[TimeControl "5400+30"]

1. e4 c5 2. Nc3 Nc6 3. g3 g6 4. Bg2 Bg7 5. d3 d6 6. Be3 Rb8 7. Qd2 Nd4 8. Nd1 b5 9. c3 b4 10. cxd4 cxd4 11. Bf4 e5 12. Ne2 exf4 13. Nxf4 Bh6 14. Qc2 Bxf4 15. gxf4 Nf6 16. Bf3 Nd7 17. Rg1 Nc5 18. Rg5 Ne6 19. Rd5 Nxf4 20. Rxd4 O-O 21. e5 Qg5 22. exd6 Qe5+ 23. Re4 Qxd6 24. Qd2 Nxd3+ 25. Kf1 Ba6 26. Kg1 Rfe8 27. Rxe8+ Rxe8 28. Ne3 Qf4 29. Bd5 Qg5+ 30. Bg2 Nf4 31. h4 Qxh4 32. Qd7 Re6 33. Qxa7 Ne2+ 34. Kf1 Qh2 35. Ke1 Nf4 36. Qa8+ Kg7 37. Kd2 Nxg2 38. Qxg2 Qxg2 39. Nxg2 Re2+ 40. Kc1 Rxf2 41. Ne1 h5 0-1

[Event "9th RTU Open 2019"]
[Site "Riga"]
[Date "2019.08.06"]
[Round "3.31"]
[White "Sharma, Dinesh K."]
[Black "Stremavicius, Titas"]
[Result "1/2-1/2"]
[ECO "B07"]
[WhiteElo "2299"]
[BlackElo "2474"]
[Annotator "ChessBase"]
[PlyCount "55"]
[EventDate "2019.08.05"]
[EventType "swiss"]
[EventCountry "LAT"]
[SourceTitle "playchess.com"]
[Source "ChessBase"]
[SourceQuality "1"]
[TimeControl "5400+30"]

1. e4 d6 2. d4 Nf6 3. Nc3 g6 4. Bc4 Bg7 5. Qe2 Nc6 6. e5 Nxd4 7. exf6 Nxe2 8. fxg7 Rg8 9. Ngxe2 Rxg7 10. Bh6 Rg8 11. O-O-O Be6 12. Bxe6 fxe6 13. f4 Qd7 14. Rhe1 O-O-O 15. Bg5 c5 16. Ng1 h6 17. Bxh6 Rh8 18. Bg5 Rxh2 19. Nf3 Rxg2 20. Nh4 Rh2 21. Nxg6 Re8 22. Ne5 Qc7 23. Ng4 Rg2 24. Ne3 Rf2 25. Ng4 Rg2 26. Ne3 Rf2 27. Ng4 Rg2 28. Ne3 1/2-1/2

[Event "9th RTU Open 2019"]
[Site "Riga"]
[Date "2019.08.06"]
[Round "3.32"]
[White "Jurcik, Marian"]
[Black "Reizniece-Ozola, Dana"]
[Result "1-0"]
[ECO "B06"]
[WhiteElo "2501"]
[BlackElo "2323"]
[Annotator "ChessBase"]
[PlyCount "71"]
[EventDate "2019.08.05"]
[EventType "swiss"]
[EventCountry "LAT"]
[SourceTitle "playchess.com"]
[Source "ChessBase"]
[SourceQuality "1"]
[TimeControl "5400+30"]

1. e4 g6 2. d4 Bg7 3. Nf3 d6 4. Bc4 Nf6 5. Qe2 d5 6. exd5 O-O 7. O-O Nbd7 8. Bb3 Nb6 9. c4 c6 10. dxc6 bxc6 11. Nc3 Ba6 12. Re1 Qc8 13. Bg5 c5 14. Qxe7 cxd4 15. Bxf6 dxc3 16. Bxg7 Kxg7 17. Qe5+ Kg8 18. Qxc3 Bxc4 19. Bxc4 Qxc4 20. Qxc4 Nxc4 21. b3 Nd6 22. Rad1 Rfd8 23. g3 a5 24. Rd4 Kf8 25. Re5 Nb7 26. Rf4 Rd1+ 27. Kg2 Nd6 28. Ra4 Nb7 29. Rb5 Ra7 30. Ne5 Rc1 31. b4 Rc2 32. bxa5 Nd6 33. Rb6 Re7 34. a6 Kg7 35. a7 Nc8 36. Rc6 1-0

[Event "9th RTU Open 2019"]
[Site "Riga"]
[Date "2019.08.06"]
[Round "3.33"]
[White "Heinemann, Josefine"]
[Black "Gagare, Shardul"]
[Result "1-0"]
[ECO "C07"]
[WhiteElo "2255"]
[BlackElo "2476"]
[Annotator "ChessBase"]
[PlyCount "129"]
[EventDate "2019.08.05"]
[EventType "swiss"]
[EventCountry "LAT"]
[SourceTitle "playchess.com"]
[Source "ChessBase"]
[SourceQuality "1"]
[TimeControl "5400+30"]

1. e4 e6 2. d4 d5 3. Nd2 c5 4. exd5 Qxd5 5. Ngf3 cxd4 6. Bc4 Qd8 7. O-O Nc6 8. Nb3 a6 9. Nbxd4 Nxd4 10. Nxd4 Qc7 11. Bb3 Bd6 12. Qh5 Nf6 13. Qh4 Bd7 14. Bg5 O-O-O 15. Rad1 h6 16. Bxf6 gxf6 17. Rd3 Kb8 18. Rfd1 Be5 19. c3 Rdg8 20. g3 h5 21. Nf3 Bc6 22. Nd4 Be8 23. h3 f5 24. Nf3 f4 25. Qd8+ Ka7 26. Nxe5 Qxe5 27. Qd4+ Qxd4 28. cxd4 Bb5 29. Rc3 Rh6 30. Kh2 Rf6 31. Rd2 Bc6 32. h4 Rd8 33. Rc5 fxg3+ 34. Kxg3 Rg8+ 35. Rg5 Rf3+ 36. Kh2 Rxg5 37. hxg5 Rf4 38. Bd1 h4 39. Kh3 Kb6 40. Bg4 Bg2+ 41. Kxh4 Bf3 42. Kg3 Rxg4+ 43. Kxf3 Rxg5 44. Rc2 Ra5 45. a3 Rb5 46. b4 a5 47. bxa5+ Kxa5 48. Rc7 f5 49. Re7 Rb6 50. Kf4 Rd6 51. Ke5 Rd5+ 52. Kxe6 Rxd4 53. Kxf5 b5 54. Re3 Rd8 55. f4 Rf8+ 56. Kg5 Rg8+ 57. Kh6 Rf8 58. Rf3 Ka4 59. f5 Rh8+ 60. Kg7 Rh1 61. f6 Rg1+ 62. Kf8 Re1 63. f7 Rc1 64. Kg7 Rc7 65. Kg8 1-0

[Event "9th RTU Open 2019"]
[Site "Riga"]
[Date "2019.08.07"]
[Round "4.3"]
[White "Gopal G.N."]
[Black "Laurusas, Tomas"]
[Result "1/2-1/2"]
[ECO "C42"]
[WhiteElo "2594"]
[BlackElo "2511"]
[Annotator "ChessBase"]
[PlyCount "67"]
[EventDate "2019.08.05"]
[EventType "swiss"]
[EventCountry "LAT"]
[SourceTitle "playchess.com"]
[Source "ChessBase"]
[SourceQuality "1"]
[TimeControl "5400+30"]

1. e4 e5 2. Nf3 Nf6 3. Nxe5 d6 4. Nf3 Nxe4 5. d4 d5 6. Bd3 Be7 7. O-O Nc6 8. Nbd2 Bf5 9. Re1 Nxd2 10. Qxd2 Bxd3 11. Qxd3 O-O 12. c3 Qd7 13. Bf4 Rfe8 14. Re3 Bd6 15. Ng5 g6 16. Bxd6 Rxe3 17. Qxe3 Qxd6 18. Re1 Qd7 19. h4 Qg4 20. g3 f6 21. Nf3 Rf8 22. Kg2 Rf7 23. Qe8+ Rf8 24. Qe2 a6 25. Qd1 Qd7 26. h5 Ne7 27. Nh2 Nf5 28. Qf3 c6 29. Ng4 Kg7 30. Ne3 Nd6 31. Qf4 Re8 32. Ng4 Nf5 33. Rxe8 Qxe8 34. Qc7+ 1/2-1/2

[Event "9th RTU Open 2019"]
[Site "Riga"]
[Date "2019.08.07"]
[Round "4.4"]
[White "Michalik, Peter"]
[Black "Lobanov, Sergei"]
[Result "1/2-1/2"]
[ECO "B12"]
[WhiteElo "2573"]
[BlackElo "2505"]
[Annotator "ChessBase"]
[PlyCount "31"]
[EventDate "2019.08.05"]
[EventType "swiss"]
[EventCountry "LAT"]
[SourceTitle "playchess.com"]
[Source "ChessBase"]
[SourceQuality "1"]
[TimeControl "5400+30"]

1. e4 c6 2. d4 d5 3. e5 Bf5 4. Nf3 e6 5. Be2 c5 6. Be3 Qb6 7. Nc3 Nc6 8. Na4 Qa5+ 9. c3 c4 10. O-O b5 11. Nc5 Bxc5 12. dxc5 Nge7 13. b4 Qa3 14. Qc1 Qxc1 15. Rfxc1 Kd7 16. a4 1/2-1/2

[Event "9th RTU Open 2019"]
[Site "Riga"]
[Date "2019.08.07"]
[Round "4.5"]
[White "Puranik, Abhimanyu"]
[Black "Mikaelyan, Arman"]
[Result "1-0"]
[ECO "B38"]
[WhiteElo "2550"]
[BlackElo "2454"]
[Annotator "ChessBase"]
[PlyCount "105"]
[EventDate "2019.08.05"]
[EventType "swiss"]
[EventCountry "LAT"]
[SourceTitle "playchess.com"]
[Source "ChessBase"]
[SourceQuality "1"]
[TimeControl "5400+30"]

1. e4 c5 2. Nf3 Nc6 3. d4 cxd4 4. Nxd4 g6 5. c4 Bg7 6. Be3 Nf6 7. Nc3 O-O 8. Be2 d6 9. O-O Bd7 10. Nc2 Qa5 11. f4 Rfc8 12. c5 Nb4 13. Nd4 Ne8 14. a3 Nc6 15. Nb3 Qd8 16. cxd6 Nxd6 17. e5 Nf5 18. Bf2 Be6 19. Nc5 Nfd4 20. Nxe6 Nxe6 21. Qa4 Qd2 22. Be1 Qe3+ 23. Kh1 Nc5 24. Qc4 Na5 25. Qb5 a6 26. Qxa5 Nb3 27. Qd5 Nxa1 28. Qd1 Rd8 29. Qxa1 Rac8 30. Rf3 Qb6 31. h4 Qc6 32. h5 b5 33. hxg6 hxg6 34. Qb1 Rd7 35. Bd3 e6 36. Bh4 Rd4 37. Bg5 b4 38. Ne2 Rd7 39. axb4 Qa4 40. Nc3 Qxb4 41. Bxg6 Rd2 42. Bc2 Qd4 43. Bb3 Rb8 44. Bxe6 fxe6 45. Qg6 Qb6 46. Bf6 Rd7 47. Rg3 Qb7 48. Ne4 Qa7 49. Kh2 Kf8 50. Ng5 Rb6 51. Nh7+ Kg8 52. Bxg7 Rxg7 53. Nf6+ 1-0

[Event "9th RTU Open 2019"]
[Site "Riga"]
[Date "2019.08.07"]
[Round "4.6"]
[White "Vogel, Roven"]
[Black "Nevednichy, Vladislav"]
[Result "1/2-1/2"]
[ECO "E71"]
[WhiteElo "2456"]
[BlackElo "2531"]
[Annotator "ChessBase"]
[PlyCount "116"]
[EventDate "2019.08.05"]
[EventType "swiss"]
[EventCountry "LAT"]
[SourceTitle "playchess.com"]
[Source "ChessBase"]
[SourceQuality "1"]
[TimeControl "5400+30"]

1. d4 Nf6 2. c4 d6 3. Nc3 g6 4. e4 Bg7 5. h3 O-O 6. Be3 e5 7. d5 a5 8. g4 Na6 9. Nge2 Bd7 10. Ng3 c6 11. Qd2 cxd5 12. cxd5 a4 13. Nb5 Bxb5 14. Bxb5 Nc5 15. Bd3 Nxd3+ 16. Qxd3 Qa5+ 17. Qd2 Rfc8 18. Qxa5 Rxa5 19. g5 Nd7 20. Kd2 Rb5 21. Rab1 h5 22. Ne2 f6 23. Nc3 Rb4 24. a3 Rbc4 25. gxf6 Bxf6 26. Kd3 Rd4+ 27. Ke2 Nc5 28. Rhg1 Kh7 29. Nb5 Nxe4 30. Nxd4 exd4 31. Rbc1 Nc5 32. Bf4 d3+ 33. Kf3 Rf8 34. Kg2 Bd4 35. Bxd6 Rxf2+ 36. Kh1 d2 37. Rcd1 Ne4 38. Bb4 Rf5 39. Rg2 Rxd5 40. Rgxd2 Nxd2 41. Rxd2 Rd8 42. Be7 Re8 43. Rxd4 Rxe7 44. Rxa4 Re1+ 45. Kg2 Re2+ 46. Kg3 Rxb2 47. Rd4 g5 48. a4 Kg6 49. h4 Rb3+ 50. Kg2 g4 51. Rd6+ Kf5 52. Rd5+ Kf4 53. Rd4+ Ke5 54. Rc4 b6 55. Rc6 Rb4 56. Kg3 Rb3+ 57. Kg2 g3 58. Kh3 g2+ 1/2-1/2

[Event "9th RTU Open 2019"]
[Site "Riga"]
[Date "2019.08.07"]
[Round "4.8"]
[White "Haria, Ravi"]
[Black "Abasov, Nijat"]
[Result "0-1"]
[ECO "B22"]
[WhiteElo "2430"]
[BlackElo "2641"]
[Annotator "RC"]
[PlyCount "96"]
[EventDate "2019.08.05"]
[EventType "swiss"]
[EventCountry "LAT"]
[SourceTitle "playchess.com"]
[Source "ChessBase"]
[SourceQuality "1"]
[TimeControl "5400+30"]

1. e4 c5 2. Nf3 e6 3. c3 Nf6 4. e5 Nd5 5. Bc4 d6 6. d4 cxd4 7. cxd4 Be7 8. O-O O-O 9. Bd2 Nc6 10. Nc3 dxe5 11. dxe5 Nxc3 12. Bxc3 b6 13. Qe2 Bb7 14. Rfd1 Qc7 15. Rac1 Rfd8 16. Bd3 Rd5 17. Be4 Rxd1+ 18. Rxd1 Rd8 19. a3 Rxd1+ 20. Qxd1 Na5 21. Qd3 h6 22. h4 Bxe4 23. Qxe4 Nc6 24. h5 b5 25. g3 Bc5 26. Ne1 a5 27. Nd3 Bf8 28. Kg2 Ne7 29. Nf4 Nc6 30. Nd3 Qd7 31. Kg1 Be7 32. Kg2 Qc8 33. Bd2 Bd8 34. a4 b4 35. Qc4 Qb7 36. Kg1 Bb6 37. Qb5 Nd4 38. Qe8+ Kh7 39. Ne1 Nf3+ 40. Nxf3 Qxf3 41. Be3 Bxe3 42. fxe3 Qxg3+ 43. Kf1 Qf3+ 44. Ke1 Qxe3+ 45. Kd1 Qg1+ 46. Kc2 Qh2+ 47. Kb3 Qxh5 48. Qb5 Qd1+ 0-1

[Event "9th RTU Open 2019"]
[Site "Riga"]
[Date "2019.08.07"]
[Round "4.9"]
[White "Low, Zhen Yu Cyrus"]
[Black "Gajewski, Grzegorz"]
[Result "0-1"]
[ECO "B52"]
[WhiteElo "2413"]
[BlackElo "2613"]
[Annotator "ChessBase"]
[PlyCount "98"]
[EventDate "2019.08.05"]
[EventType "swiss"]
[EventCountry "LAT"]
[SourceTitle "playchess.com"]
[Source "ChessBase"]
[SourceQuality "1"]
[TimeControl "5400+30"]

1. e4 c5 2. Nf3 d6 3. Bb5+ Bd7 4. Bxd7+ Nxd7 5. O-O Ngf6 6. Qe2 Rc8 7. d4 cxd4 8. Nxd4 Qc7 9. b3 a6 10. c4 b5 11. Na3 e5 12. Nf5 g6 13. Ne3 Qa5 14. cxb5 d5 15. Nac2 d4 16. Nc4 Qxb5 17. f4 Bc5 18. Kh1 O-O 19. fxe5 Nxe5 20. N2a3 d3 21. Qd1 Bxa3 22. Bxa3 Nxe4 23. Bxf8 Rxf8 24. Nxe5 Qxe5 25. Qf3 d2 26. Qe3 Rd8 27. Rad1 f5 28. Kg1 Qc3 29. Qxc3 Nxc3 30. Kf2 Rd3 31. b4 Kf7 32. a4 Ke6 33. b5 axb5 34. axb5 Kd6 35. h4 Kc5 36. h5 Kxb5 37. hxg6 hxg6 38. g4 fxg4 39. Rxd2 Rxd2+ 40. Kg3 Ne4+ 41. Kxg4 Kc5 42. Rf7 Rg2+ 43. Kh4 Kd5 44. Re7 Rg1 45. Kh3 Ng5+ 46. Kh2 Nf3+ 47. Kh3 Ne5 48. Kh2 Ra1 49. Kg3 Ke4 0-1

[Event "9th RTU Open 2019"]
[Site "Riga"]
[Date "2019.08.07"]
[Round "4.10"]
[White "Svane, Rasmus"]
[Black "Sirosh, Ilja"]
[Result "1-0"]
[ECO "A17"]
[WhiteElo "2615"]
[BlackElo "2407"]
[Annotator "ChessBase"]
[PlyCount "143"]
[EventDate "2019.08.05"]
[EventType "swiss"]
[EventCountry "LAT"]
[SourceTitle "playchess.com"]
[Source "ChessBase"]
[SourceQuality "1"]
[TimeControl "5400+30"]

1. Nf3 Nf6 2. c4 c5 3. Nc3 d5 4. cxd5 Nxd5 5. e3 e6 6. Nxd5 exd5 7. Bb5+ Nc6 8. O-O Bd6 9. d4 cxd4 10. Qxd4 O-O 11. Qa4 Re8 12. Bd2 Bf5 13. Rfc1 Re6 14. Bxc6 bxc6 15. Bb4 Be4 16. Bxd6 Bxf3 17. Bg3 Be4 18. Rxc6 Qe8 19. Ra6 Rxa6 20. Qxa6 Qc8 21. Qxc8+ Rxc8 22. Rd1 Bc2 23. Re1 f6 24. Bd6 Kf7 25. Bb4 Ke6 26. Bc3 h5 27. Bd4 a6 28. f3 Bd3 29. Bc3 Bc4 30. Ra1 Kf5 31. Kf2 Ke6 32. Ke1 g5 33. Kd2 f5 34. h3 Rg8 35. Bd4 h4 36. b3 Bb5 37. Rc1 g4 38. fxg4 fxg4 39. a4 Bd7 40. Rf1 gxh3 41. gxh3 Kd6 42. Rf4 Bxh3 43. Rxh4 Bf1 44. Rh6+ Kd7 45. Be5 Ke7 46. Kc3 Rg4 47. Bd4 Kd7 48. Kb4 Rg8 49. Be5 Rg5 50. Bd4 Rg8 51. Be5 Rg5 52. Bf4 Rf5 53. Kc5 a5 54. Kd4 Be2 55. Rd6+ Kc8 56. Rc6+ Kd7 57. Rc5 Bd1 58. Rb5 Kc6 59. Kd3 Rf7 60. Kd2 Bxb3 61. Rxb3 d4 62. Rb5 dxe3+ 63. Kxe3 Rb7 64. Rxa5 Rb3+ 65. Kd2 Kb6 66. Ra8 Ra3 67. Be3+ Kb7 68. Ra7+ Kb8 69. Ra5 Kb7 70. Bd4 Rb3 71. Kc2 Rb4 72. Kc3 1-0

[Event "9th RTU Open 2019"]
[Site "Riga"]
[Date "2019.08.07"]
[Round "4.11"]
[White "Krivonosov, Oleg"]
[Black "Dastan, Muhammed Batuhan"]
[Result "1/2-1/2"]
[ECO "A88"]
[WhiteElo "2416"]
[BlackElo "2565"]
[Annotator "ChessBase"]
[PlyCount "45"]
[EventDate "2019.08.05"]
[EventType "swiss"]
[EventCountry "LAT"]
[SourceTitle "playchess.com"]
[Source "ChessBase"]
[SourceQuality "1"]
[TimeControl "5400+30"]

1. Nf3 f5 2. g3 g6 3. Bg2 Bg7 4. d4 Nf6 5. O-O O-O 6. b3 d6 7. Bb2 c6 8. c4 a5 9. Nc3 Na6 10. d5 Bd7 11. Rb1 Nc5 12. Nd4 Rc8 13. Ba1 Qe8 14. Qd2 Qf7 15. Rbd1 a4 16. Nxa4 Nxa4 17. bxa4 Ne4 18. Qe3 cxd5 19. cxd5 Rc4 20. Qb3 Rfc8 21. Nc6 Bxa1 22. Rxa1 R8xc6 23. dxc6 1/2-1/2

[Event "9th RTU Open 2019"]
[Site "Riga"]
[Date "2019.08.07"]
[Round "4.12"]
[White "Tania, Sachdev"]
[Black "Theodorou, Nikolas"]
[Result "0-1"]
[ECO "E71"]
[WhiteElo "2401"]
[BlackElo "2543"]
[Annotator "ChessBase"]
[PlyCount "64"]
[EventDate "2019.08.05"]
[EventType "swiss"]
[EventCountry "LAT"]
[SourceTitle "playchess.com"]
[Source "ChessBase"]
[SourceQuality "1"]
[TimeControl "5400+30"]

1. d4 Nf6 2. c4 g6 3. Nc3 Bg7 4. e4 d6 5. h3 O-O 6. Bg5 c6 7. Qd2 d5 8. cxd5 cxd5 9. Bxf6 exf6 10. exd5 Re8+ 11. Be2 b5 12. Nxb5 Qxd5 13. Kf1 Bb7 14. Nf3 Na6 15. Kg1 Re7 16. Kh2 Bh6 17. Qd1 Rae8 18. Bf1 Bf4+ 19. Kg1 Nc7 20. Nc3 Qh5 21. Ne2 Nd5 22. Ng3 Qh6 23. Bb5 Ne3 24. fxe3 Bxg3 25. Qd2 Rb8 26. Nh2 f5 27. Nf1 f4 28. e4 Qh4 29. d5 Rxe4 30. Bc6 Ba6 31. Nxg3 fxg3 32. d6 Qd8 0-1

[Event "9th RTU Open 2019"]
[Site "Riga"]
[Date "2019.08.07"]
[Round "4.13"]
[White "Meshkovs, Nikita"]
[Black "Akash G"]
[Result "1-0"]
[ECO "E90"]
[WhiteElo "2550"]
[BlackElo "2394"]
[Annotator "ChessBase"]
[PlyCount "75"]
[EventDate "2019.08.05"]
[EventType "swiss"]
[EventCountry "LAT"]
[SourceTitle "playchess.com"]
[Source "ChessBase"]
[SourceQuality "1"]
[TimeControl "5400+30"]

1. Nf3 Nf6 2. c4 g6 3. Nc3 Bg7 4. e4 d6 5. d4 O-O 6. h3 e5 7. d5 a5 8. g4 Na6 9. Be3 Nd7 10. a3 Nac5 11. Rg1 a4 12. Nd2 c6 13. Qc2 b6 14. O-O-O Ba6 15. Kb1 cxd5 16. cxd5 Bxf1 17. Rdxf1 b5 18. Rc1 Rc8 19. Na2 Nb8 20. Nb4 Qd7 21. Qd1 Kh8 22. h4 Nca6 23. Nd3 Rxc1+ 24. Qxc1 Rc8 25. Qf1 f5 26. gxf5 gxf5 27. f4 Nc5 28. Bxc5 fxe4 29. Nxe4 dxc5 30. f5 Qxd5 31. Ndxc5 Rxc5 32. Nxc5 Qxc5 33. f6 Bh6 34. f7 Bg7 35. Qg2 Qf8 36. Qb7 Qd8 37. Qxb5 Nd7 38. Rd1 1-0

[Event "9th RTU Open 2019"]
[Site "Riga"]
[Date "2019.08.07"]
[Round "4.14"]
[White "Deepan Chakkravarthy J."]
[Black "Seeman, Tarvo"]
[Result "1-0"]
[ECO "E83"]
[WhiteElo "2532"]
[BlackElo "2377"]
[Annotator "ChessBase"]
[PlyCount "49"]
[EventDate "2019.08.05"]
[EventType "swiss"]
[EventCountry "LAT"]
[SourceTitle "playchess.com"]
[Source "ChessBase"]
[SourceQuality "1"]
[TimeControl "5400+30"]

1. d4 Nf6 2. c4 g6 3. Nc3 Bg7 4. e4 d6 5. f3 O-O 6. Nge2 Nc6 7. Be3 a6 8. Qd2 Na5 9. Ng3 b5 10. Bh6 Bxh6 11. Qxh6 Nxc4 12. Bxc4 bxc4 13. h4 c5 14. d5 e6 15. h5 exd5 16. Nxd5 Ra7 17. Nc3 d5 18. O-O-O d4 19. e5 Nd5 20. Nge4 f5 21. Nxd5 fxe4 22. fxe4 Be6 23. hxg6 Bxd5 24. exd5 c3 25. bxc3 1-0

[Event "9th RTU Open 2019"]
[Site "Riga"]
[Date "2019.08.07"]
[Round "4.15"]
[White "Gukesh D"]
[Black "Keinanen, Toivo"]
[Result "1/2-1/2"]
[ECO "C00"]
[WhiteElo "2520"]
[BlackElo "2386"]
[Annotator "ChessBase"]
[PlyCount "57"]
[EventDate "2019.08.05"]
[EventType "swiss"]
[EventCountry "LAT"]
[SourceTitle "playchess.com"]
[Source "ChessBase"]
[SourceQuality "1"]
[TimeControl "5400+30"]

1. Nf3 d5 2. g3 Nf6 3. Bg2 e6 4. O-O Be7 5. d3 O-O 6. Nbd2 c5 7. e4 Nc6 8. Re1 b5 9. a4 b4 10. exd5 exd5 11. d4 cxd4 12. Nb3 Bg4 13. Qd3 Bxf3 14. Bxf3 Rc8 15. Re2 Re8 16. Bf4 Bd6 17. Rxe8+ Nxe8 18. Bxd6 Qxd6 19. Nxd4 Nxd4 20. Qxd4 Qf6 21. Qxd5 Qxb2 22. Re1 Nf6 23. Qb7 Qxc2 24. Qxb4 Qc3 25. Qxc3 Rxc3 26. Rb1 g6 27. Kg2 Rc7 28. a5 Nd7 29. a6 1/2-1/2

[Event "9th RTU Open 2019"]
[Site "Riga"]
[Date "2019.08.07"]
[Round "4.16"]
[White "Baskin, Robert"]
[Black "Thybo, Jesper Sondergaard"]
[Result "0-1"]
[ECO "B56"]
[WhiteElo "2398"]
[BlackElo "2528"]
[Annotator "ChessBase"]
[PlyCount "62"]
[EventDate "2019.08.05"]
[EventType "swiss"]
[EventCountry "LAT"]
[SourceTitle "playchess.com"]
[Source "ChessBase"]
[SourceQuality "1"]
[TimeControl "5400+30"]

1. e4 c5 2. Nf3 d6 3. d4 cxd4 4. Nxd4 Nf6 5. Nc3 Nc6 6. f3 e5 7. Nb3 Be7 8. Be3 Be6 9. Nd5 Bxd5 10. exd5 Nb4 11. c4 a5 12. Qd2 b6 13. Nc1 O-O 14. Be2 Na6 15. O-O Nh5 16. b3 f5 17. a3 f4 18. Bf2 Bh4 19. Nd3 Bg3 20. Rfb1 Qh4 21. hxg3 fxg3 22. Be3 e4 23. Ne1 Nf4 24. Bd1 Qh2+ 25. Kf1 Qh1+ 26. Bg1 Rae8 27. Ra2 Nc5 28. Qd4 Nh3 29. b4 exf3 30. Nxf3 Re4 31. Qxe4 Qxg1+ 0-1